 Dungeon Crawl Stone Soup version 0.17-a0-1133-gfb1399f (webtiles) character file.

1057 buttstuff the Covered (level 8, -3/70 HPs)
             Began as a Minotaur Fighter on May 25, 2015.
             Was a Follower of Makhleb.
             Slain by Prince Ribbit (13 damage)
             ... on level 6 of the Dungeon.
             The game lasted 00:37:22 (5069 turns).

buttstuff the Covered (Minotaur Fighter)            Turns: 5069, Time: 00:37:22

Health: -3/70      AC: 11    Str: 22    XL:     8   Next: 6%
Magic:  7/7        EV:  3    Int:  7    God:    Makhleb [*.....]
Gold:   169        SH:  9    Dex: 11    Spells: 0 memorised, 7 levels left

rFire  . . .     SeeInvis .     f - +0 flail
rCold  . . .     Clarity  .     C - +0 plate armour
rNeg   . . .     SustAt   .     c - +0 shield
rPois  .         Gourm    .     u - +0 hat
rElec  .         Spirit   .     (no cloak)
rCorr  .         Warding  .     (no gloves)
rMut   .         Rnd*Tele +     (no boots)
MR     .....                    (no amulet)
Stlth  ..........               L - ring of teleportation (curse)
                                E - +2 ring of intelligence

@: lethally poisoned (-3 -> -10), drained, not resistant to hostile
enchantments, extremely unstealthy
A: retaliatory headbutt, horns 2
a: Renounce Religion, Evoke Teleportation


You were on level 6 of the Dungeon.
You worshipped Makhleb.
Makhleb was aware of your devotion.
You were hungry.

You visited 1 branch of the dungeon, and saw 6 of its levels.

You collected 169 gold pieces.

Inventory:

Hand weapons
 f - a +0 flail (weapon)
 i - a +0 hunting sling
 k - a +7 club
 p - a +0 spear
 t - a +0 whip
 G - a +0 war axe
 H - a +0 halberd
 K - a +0 whip
Missiles
 h - 61 bolts
 s - 4 needles of sleeping
 A - 47 arrows
 I - 42 poisoned needles
Armour
 c - a +0 shield (worn)
 g - a +1 chain mail
 j - a +0 ring mail
 l - a +0 robe
 o - a +0 ring mail
 u - a +0 hat (worn)
 C - a +0 plate armour (worn)
 D - a +0 leather armour
Jewellery
 e - an uncursed ring of ice
 E - a +2 ring of intelligence (left hand)
 L - a cursed ring of teleportation (right hand)
 M - an uncursed ring of ice
Magical devices
 B - a wand of slowing (18)
Scrolls
 q - 2 scrolls of identify {unknown}
 r - 2 scrolls of random uselessness {unknown}
 v - a scroll of magic mapping {unknown}
 y - 3 scrolls of remove curse
 F - 2 scrolls of enchant weapon {unknown}
Potions
 d - a potion of might
 n - 2 potions of curing {unknown}
 w - a potion of magic {unknown}
 x - 2 potions of ambrosia {unknown}
Comestibles
 a - a royal jelly
 b - 2 meat rations
 m - 2 beef jerkies


   Skills:
 + Level 6.3(2.1) Fighting
 + Level 5.6(1.8) Axes
 + Level 0.8 Maces & Flails
 + Level 6.7(2.3) Armour
 + Level 2.4(0.2) Dodging
 + Level 0.3(0.0) Stealth
 + Level 6.4(2.2) Shields


You had 7 spell levels left.
You didn't know any spells.

Dungeon Overview and Level Annotations

Branches:
Dungeon (6/15)
 Temple: D:4-7

Altars:
Ashenzari
Makhleb
Qazlal

Annotations:
D:6 Prince Ribbit


Innate Abilities, Weirdness & Mutations

You reflexively headbutt those who attack you in melee.
You have a pair of horns on your head.


Message History

Prince Ribbit hits you.
You hit Prince Ribbit. Your headbutt misses Prince Ribbit.
Prince Ribbit is lightly wounded.
You block the worker ant's attack. Prince Ribbit hits you!
The worker ant bites you. Prince Ribbit hits you!
* * * LOW HITPOINT WARNING * * *
An orc comes into view. It is wielding a club.
The orc shouts!
You hit Prince Ribbit.
Your headbutt passes through Prince Ribbit as he momentarily phases out.
Prince Ribbit is lightly wounded.
Prince Ribbit hits you!
* * * LOW HITPOINT WARNING * * *
The worker ant bites you but does no damage.
You block the worker ant's attack.
Prince Ribbit hits you but does no damage.
It was a potion of poison.
That liquid tasted very nasty...
You are poisoned.
You feel sick. Prince Ribbit hits you!
You die...

## ... ####.
..#
.....###.#####
...#........#
..........#
#.......=#
.#####........#
.!o....@a.....#
.#####.F......#
#........#
#........#
#........#
####.##### #.#
#.#


You could see Prince Ribbit, a worker ant and an orc.

Vanquished Creatures
  Menkaure (D:4)
  The ghost of Nitemare the Covered, an average MiFi of Okawaru (D:3)
  2 phantoms (D:4)
  A scorpion (D:5)
  2 orc priests
  A gnoll shaman (D:3)
  A jelly (D:5)
  A centaur skeleton (D:5)
  5 orc wizards
  Jessica (D:2)
  3 worker ants
  6 adders
  6 gnolls
  A worm (D:2)
  3 giant geckos
  20 orcs
  A ball python (D:1)
  3 giant cockroaches
  14 goblins
  13 hobgoblins
  8 jackals
  9 kobolds
  10 bats
  3 giant newts (D:2)
  3 quokkas
  12 rats
131 creatures vanquished.

Notes
Turn   | Place    | Note
--------------------------------------------------------------
     0 | D:1      | buttstuff the Minotaur Fighter began the quest for the Orb.
     0 | D:1      | Reached XP level 1. HP: 19/19 MP: 0/0
   233 | D:1      | Reached skill level 4 in Armour
   233 | D:1      | Reached XP level 2. HP: 24/27 MP: 1/1
  1192 | D:2      | Found a stormy altar of Qazlal.
  1192 | D:2      | Noticed an earth elemental
  1198 | D:2      | Noticed an air elemental
  1199 | D:2      | Noticed a water elemental
  1199 | D:2      | Noticed a fire elemental
  1360 | D:2      | Noticed Jessica
  1367 | D:2      | Killed Jessica
  1367 | D:2      | Reached XP level 3. HP: 25/34 MP: 2/2
  1681 | D:2      | Reached XP level 4. HP: 41/41 MP: 3/3
  1703 | D:2      | Reached skill level 1 in Dodging
  2238 | D:3      | Found a shattered altar of Ashenzari.
  2323 | D:3      | Became a worshipper of Ashenzari the Shackled
  2581 | D:3      | Noticed Nitemare's ghost (average MiFi)
  2592 | D:3      | Killed Nitemare's ghost
  2592 | D:3      | Reached skill level 5 in Armour
  2592 | D:3      | Reached XP level 5. HP: 12/47 MP: 4/4
  2858 | D:3      | Reached skill level 5 in Fighting
  2869 | D:3      | Reached XP level 6. HP: 45/56 MP: 5/5
  3341 | D:4      | Reached skill level 5 in Shields
  3582 | D:4      | Reached XP level 7. HP: 41/61 MP: 6/6
  3644 | D:4      | Noticed Menkaure
  3654 | D:4      | Killed Menkaure
  3654 | D:4      | Reached skill level 5 in Axes
  3659 | D:4      | Reached skill level 6 in Armour
  4098 | D:5      | Entered Level 5 of the Dungeon
  4130 | D:5      | Found a burning altar of Makhleb.
  4147 | D:5      | Fell from the grace of Ashenzari
  4147 | D:5      | Became a worshipper of Makhleb the Destroyer
  4693 | D:5      | Reached XP level 8. HP: 55/70 MP: 7/7
  4759 | D:5      | Acquired Makhleb's first power
  5061 | D:6      | Noticed Prince Ribbit
  5069 | D:6      | Slain by Prince Ribbit

Vault maps used:
D:1:      elethiomel_arrival_maze
D:2:      nicolae_qazlal_style_of_elements, uniq_jessica
D:3:      cheibrodos_ashenzari_chains
D:4:      uniq_menkaure
D:5:      slow_altar_2, basic_altar, first_bread
D:6:      lemuel_round_altar, kennysheep_flooded_box, okawaru_altar_gauntlet_db,
          uniq_prince_ribbit1, uniq_edmund

Action                   |  1- 3 |  4- 6 |  7- 9 || total
-------------------------+-------+-------+-------++-------
Melee: War axe           |    81 |   136 |    29 ||   246
       Flail             |       |       |    67 ||    67
       Club              |       |       |    18 ||    18
       Spear             |       |       |    14 ||    14
  Use: Scroll            |     3 |       |       ||     3
       Potion            |       |       |     2 ||     2
  Eat: Bread ration      |     1 |     1 |     1 ||     3
